[Event "*** Titled Tuesday Blitz"]
[Site "Chess.com"]
[Date "2021.02.09"]
[Round "10"]
[White "Skat2704"]
[Black "GregShahade"]
[Result "1/2-1/2"]
[WhiteElo "2547"]
[BlackElo "2692"]
[TimeControl "180+1"]
[EndTime "11:55:05 PST"]
[Termination "Game drawn by repetition"]

1. d4 Nf6 2. c4 g6 3. Nc3 d5 4.
Nf3 Bg7 5. e3 O-O 6. cxd5 Nxd5 7. Bc4 Nb6 8. Bb3 c5 9. O-O cxd4 10. Nxd4 Nc6 11. Nxc6 bxc6 12. e4 Ba6 13. Re1 Nc4 14. Qe2 Qd4 15. Be3 Nxe3 16. Qxa6 Ng4 17. Re2 Qb6 18. Qa3 e6 19. Na4 Qa6 20. Rc2 Rfd8 21. Qb4 Bf8 22. Qc3 Bg7 23. Qb4 Ne5 24. Nc5 Qb5 25.
Qxb5 cxb5 26. h3 a5 27. a4 b4 28. Rac1 Ra7 29. f4 Nd3 30. Nxd3 Rxd3 31. Rc8+ Bf8 32. Bc4 Rd2 33. b3 Kg7 34. Bb5 g5 35. f5 exf5 36. exf5 Bd6 37. Re8 Rc7 38. Rxc7 Bxc7 39. Bc4 Bb6+ 40.
Kh2 Bc7+ 41. Kg1 Bb6+ 42. Kh2 Bc7+ 43. Kg1 1/2-1/2

[Event "*** Titled Tuesday Blitz"]
[Site "Chess.com"]
[Date "2021.02.09"]
[Round "10"]
[White "AndrewMaco"]
[Black "StockholmMissile"]
[Result "1-0"]
[WhiteElo "2681"]
[BlackElo "2514"]
[TimeControl "180+1"]
[EndTime "11:55:05 PST"]
[Termination "AndrewMaco won by resignation"]

1. e4 e5 2. Nf3 Nc6 3. Bb5 a6 4. Ba4 Nf6 5. O-O Bc5 6. c3 b5 7. Bb3 d6 8. d4 Bb6 9. Be3 O-O 10. Nbd2 h6 11. h3 Re8 12. d5 Ne7 13. Bxb6 cxb6 14.
Re1 Ng6 15. Bc2 Nf4 16. Nf1 Nh7 17. Ne3 Ng5 18. Kh2 Qf6 19. Nxg5 Qxg5 20. Qf3 Bd7 21. Qg3 Qxg3+ 22. Kxg3 a5 23. Kf3 g6 24. h4 Nh5 25.
g3 Nf6 26. Ke2 Rec8 27. Bd3 Rc5 28. f3 Kg7 29. Rec1 Rac8 30. Rc2 Ng8 31. Rac1 Ne7 32. b4 R5c7 33. c4 bxc4 34. Nxc4 Bb5 35. bxa5 bxa5 36.
Kd2 Bxc4 37. Rxc4 Rxc4 38. Bxc4 Rxc4 39. Rxc4 1-0

[Event "*** Titled Tuesday Blitz"]
[Site "Chess.com"]
[Date "2021.02.09"]
[Round "10"]
[White "chescomhuynya"]
[Black "The_filthy"]
[Result "0-1"]
[WhiteElo "2486"]
[BlackElo "2319"]
[TimeControl "180+1"]
[EndTime "11:55:05 PST"]
[Termination "The_filthy won by resignation"]

1. d4 d5 2. c4 c6 3. Nf3 Nf6 4. Nc3 dxc4 5. e4 b5 6. Be2 a6 7.
O-O e6 8. Qc2 Be7 9. Rd1 O-O 10.
Rb1 Bb7 11. Bg5 Nbd7 12. e5 Nd5 13. Bxe7 Qxe7 14. Ne4 c5 15. dxc5 Nxc5 16. Nxc5 Qxc5 17. Ng5 g6 18. b3 Nf4 19. Bf3 Bxf3 20. Nxf3 Rad8 21.
bxc4 bxc4 22. Rbc1 c3 23. g3 Nd5 24. Ng5 Nb4 25.
Qe4 Rxd1+ 26. Rxd1 c2 27. Rc1 Rd8 28. Qh4 Rd1+ 29.
Kg2 h5 30. Qf4 Qc7 31. Ne4 Rxc1 32. Qxc1 Nd3 33. Qh6 Qxe5 34. Ng5 Qg7 35. Nxf7 Qxh6 36. Nxh6+ Kh7 0-1

[Event "*** Titled Tuesday Blitz"]
[Site "Chess.com"]
[Date "2021.02.09"]
[Round "10"]
[White "Chessbard1972"]
[Black "Pantata007"]
[Result "1-0"]
[WhiteElo "2380"]
[BlackElo "2220"]
[TimeControl "180+1"]
[EndTime "11:55:05 PST"]
[Termination "Chessbard1972 won on time"]

1. e4 e5 2. Nf3 Nc6 3. Bc4 Bc5 4. b4 Bxb4 5. c3 Be7 6. d4 Na5 7. Bd3 d6 8. h3 Nf6 9. O-O Nc6 10. Re1 O-O 11. Na3 h6 12. Nc4 exd4 13. cxd4 d5 14.
exd5 Nxd5 15. Nce5 Nxe5 16. Nxe5 c6 17. Bb2 Be6 18. Qf3 Bf6 19. a3 g6 20. Nxg6 fxg6 21.
Rxe6 Bg7 22. Qe4 Nf4 23. Rxg6 Nxg6 24. Qxg6 Qf6 25. Qh7+ Kf7 26. Bc4+ Ke7 27. Re1+ Kd7 28. Re6 Qxf2+ 29. Kh1 Rf7 30. Bc3 Bxd4 31. Qd3 c5 32.
Re1 Kc7 33. Ba5+ b6 34. Bxf7 Qxf7 35. Qe4 1-0

[Event "*** Titled Tuesday Blitz"]
[Site "Chess.com"]
[Date "2021.02.09"]
[Round "10"]
[White "esteban062000"]
[Black "AurumO"]
[Result "1-0"]
[WhiteElo "2142"]
[BlackElo "1898"]
[TimeControl "180+1"]
[EndTime "11:55:07 PST"]
[Termination "esteban062000 won by checkmate"]

1. Nf3 d5 2. c4 e6 3. b3 Nf6 4. g3 c5 5. Bg2 d4 6. d3 Nc6 7.
O-O e5 8. e3 dxe3 9. fxe3 Be7 10.
Bb2 Qc7 11. Nc3 Be6 12. Ng5 Qd7 13. Nxe6 Qxe6 14. Nd5 O-O-O 15. a3 Kb8 16. Qd2 e4 17. Nxe7 Qxe7 18. Bxf6 gxf6 19. Qf2 Rxd3 20. Qf4+ Ka8 21. Bxe4 Rd2 22. Bxc6 bxc6 23. Qxf6 Qxe3+ 24. Kh1 Rhd8 25. Rae1 Qd4 26. Qxc6+ Kb8 27. Qb5+ Ka8 28. Qc6+ Kb8 29. Rxf7 Qd7 30. Rxd7 R2xd7 31. Qb5+ Ka8 32. Qxc5 Rd2 33. Qc6+ Kb8 34. c5 Rc8 35. Qb5+ Ka8 36. c6 Rc2 37. Qb7# 1-0

[Event "*** Titled Tuesday Blitz"]
[Site "Chess.com"]
[Date "2021.02.09"]
[Round "10"]
[White "PavelShkapenko"]
[Black "enriquetejedor"]
[Result "0-1"]
[WhiteElo "2676"]
[BlackElo "2557"]
[TimeControl "180+1"]
[EndTime "11:55:08 PST"]
[Termination "enriquetejedor won by resignation"]

1. e4 e6 2. d4 d5 3. exd5 exd5 4. Nf3 c6 5. c4 Nf6 6. Nc3 Bb4 7. Bd3 dxc4 8.
Bxc4 O-O 9. O-O Bg4 10. Be3 Nbd7 11. h3 Bh5 12. g4 Bg6 13. Qb3 a5 14. a3 Bxc3 15. bxc3 b5 16. Be2 Be4 17. Rad1 Nb6 18.
Ne5 Bd5 19. Qb1 Ne4 20. Qc1 f6 21. Nf3 a4 22. Nd2 Re8 23. Nxe4 Rxe4 24. Bd3 Re7 25.
Rfe1 Qd7 26. Bf4 Rae8 27. Bf5 Be6 28. Bb1 Bb3 29. Rxe7 Qxe7 30. Rf1 Nc4 31. Bd2 Qxa3 32. Qxa3 Nxa3 33. Bf5 Be6 34. Re1 Bf7 35. Ra1 Nc4 36.
Bf4 Be6 37. Bd3 h6 38. f3 Bd5 39. Kf2 Kf7 40. h4 Nb2 41. Bc2 Bc4 42. Be4 Bd5 43. Bc2 g5 44. hxg5 hxg5 45. Bd2 Nc4 46. Bc1 Rh8 47. Kg2 Nd6 48. Ba3 Nc4 49. Bb4 Ne3+ 0-1

[Event "*** Titled Tuesday Blitz"]
[Site "Chess.com"]
[Date "2021.02.09"]
[Round "10"]
[White "ARTHURMOTIVATOR"]
[Black "woodhy"]
[Result "0-1"]
[WhiteElo "2306"]
[BlackElo "2465"]
[TimeControl "180+1"]
[EndTime "11:55:08 PST"]
[Termination "woodhy won by resignation"]

1. e4 e6 2. b3 d5 3. Bb2 Nf6 4. e5 Nfd7 5. f4 c5 6. Qg4 Nc6 7. Nf3 a5 8. Nc3 Nb4 9. Rc1 d4 10. Ne4 Nxa2 11. Ra1 Nb4 12. Kd1 Nd5 13. Nd6+ Bxd6 14. Qxg7 Rf8 15. exd6 N7f6 16. Ne5 Qxd6 17.
Bb5+ Bd7 18. Bxd7+ Nxd7 19. Re1 Nxe5 20. Rxe5 Nxf4 21. Ba3 b6 22. Re4 Nd5 23. Kc1 O-O-O 24. Kb2 Kb7 25. Rae1 Kc6 26. Qg4 f5 27. Qe2 fxe4 28.
Qa6 d3 29. Rxe4 dxc2 30. Rc4 Nc7 31. Bxc5 Nxa6 32. Bxd6+ Kxd6 33. Rd4+ Ke5 34. Rc4 0-1

[Event "*** Titled Tuesday Blitz"]
[Site "Chess.com"]
[Date "2021.02.09"]
[Round "10"]
[White "Iskusnyh"]
[Black "boasovietica"]
[Result "1-0"]
[WhiteElo "2596"]
[BlackElo "2452"]
[TimeControl "180+1"]
[EndTime "11:55:10 PST"]
[Termination "Iskusnyh won on time"]

1. d4 Nf6 2. c4 e6 3. g3 d5 4. Bg2 dxc4 5. Nf3 a6 6. O-O b5 7. Ne5 Nd5 8. a4 Bb7 9. e4 Nb6 10. Qh5 g6 11. Nxg6 hxg6 12. Qxh8 Nxa4 13. Nc3 Nb6 14. d5 N8d7 15. dxe6 fxe6 16. Qg8 Qf6 17. e5 Nxe5 18. Bxb7 Rb8 19. Bg2 Kd7 20. Rd1+ Nd3 21.
Ne4 Qe5 22. Bf4 Qd4 23. Qf7+ Be7 24. Bg5 Nd5 25. Rxa6 c6 26. Bxe7 Nxe7 27. Nf6+ Kd6 28. Ne4+ Kd7 29. h4 Rh8 30. Nf6+ Kd6 31. Ne4+ Kd7 32. b4 Rc8 33. Nc5+ Kc7 34. Nxe6+ Kb8 35. Nxd4 1-0

[Event "*** Titled Tuesday Blitz"]
[Site "Chess.com"]
[Date "2021.02.09"]
[Round "10"]
[White "Atco84"]
[Black "CakeinSpace2002"]
[Result "0-1"]
[WhiteElo "2471"]
[BlackElo "2375"]
[TimeControl "180+1"]
[EndTime "11:55:12 PST"]
[Termination "CakeinSpace2002 won by resignation"]

1. b3 Nf6 2. Bb2 c5 3. g3 Nc6 4. Bg2 d5 5. Nf3 Bg4 6. O-O e6 7. h3 Bh5 8. d3 Be7 9. Nbd2 O-O 10. g4 Bg6 11. Ne5 Nxe5 12. Bxe5 Nd7 13. Bb2 Bf6 14. Bxf6 Nxf6 15. c4 h6 16. Nf3 Qd6 17. Qd2 Rad8 18. Rac1 d4 19. Rfd1 e5 20. e4 Nd7 21. a3 Rfe8 22.
b4 Nf8 23. bxc5 Qxc5 24. Rb1 b6 25. a4 f6 26. Rb5 Qc7 27. a5 bxa5 28. Ra1 Rb8 29. Rbxa5 Rb7 30. Nh4 Bf7 31. f4 Ne6 32. fxe5 fxe5 33. Nf5 Nf4 34. Bf1 Bg6 35. Ra6 Bxf5 36.
gxf5 Qe7 37. f6 gxf6 38. Kh1 Kh7 39. Qa2 Qg7 40. Rxa7 Ree7 41. Rxb7 Rxb7 42. Qf2 Rb3 43. Rc1 Qg5 44. Ra1 Nxd3 45. Ra7+ Kg6 46. Qf3 Nc5 0-1

[Event "*** Titled Tuesday Blitz"]
[Site "Chess.com"]
[Date "2021.02.09"]
[Round "10"]
[White "olksuna"]
[Black "ShahMatKanal"]
[Result "1-0"]
[WhiteElo "2676"]
[BlackElo "2477"]
[TimeControl "180+1"]
[EndTime "11:55:14 PST"]
[Termination "olksuna won on time"]

1. e4 c5 2. Nf3 e6 3. d4 cxd4 4. Nxd4 a6 5. c4 d6 6. Nc3 Be7 7. Be2 Nf6 8. O-O O-O 9. f4 Qc7 10. Be3 Nbd7 11. Rc1 b6 12. Bf3 Bb7 13. b4 Rac8 14. g4 Qb8 15. g5 Ne8 16. Qd3 g6 17. Bg4 Ng7 18. h4 Rfd8 19. h5 Ne5 20. Qe2 Nxc4 21. h6 Nxe3 22. Qxe3 Ne8 23. Nxe6 d5 24. Nxd8 Rxd8 25. Nxd5 Bxd5 26. exd5 Bxb4 27. Kh1 Qd6 28. Bf3 Bc5 29. Qe4 f6 30. Rfe1 fxg5 31. fxg5 Nc7 32. Bg4 Qg3 33. Be6+ Kh8 34. Qe5+ Qxe5 35. Rxe5 Bd6 36.
Re4 b5 37. Rc6 a5 38. Re3 b4 39. Rf3 a4 40. Rxd6 Re8 41. Rc6 Nxe6 42. Rxe6 1-0

[Event "*** Titled Tuesday Blitz"]
[Site "Chess.com"]
[Date "2021.02.09"]
[Round "10"]
[White "floplover"]
[Black "skoularikii"]
[Result "0-1"]
[WhiteElo "2312"]
[BlackElo "2505"]
[TimeControl "180+1"]
[EndTime "11:55:16 PST"]
[Termination "skoularikii won on time"]

1. d4 d5 2. Nf3 Nf6 3. c4 c6 4. Nc3 e6 5. Bg5 Be7 6. e3 Nbd7 7. Rc1 a6 8. c5 b5 9. h3 h6 10. Bf4 b4 11. Na4 Ne4 12. Ne5 Nxe5 13. Bxe5 Bh4 14. Rc2 O-O 15. Nb6 Ra7 16. Qg4 Bg5 17. Bd3 f5 18.
Qh5 f4 19. exf4 Bxf4 20. Bxe4 dxe4 21. Bxf4 Rxf4 22. O-O Raf7 23. Re2 e5 24. Qxe5 Bxh3 25. gxh3 Qh4 26. Re3 R7f5 27. Qe8+ Kh7 28. Rg3 Rg5 29. Kg2 Rf3 30. Rxg5 Qxg5+ 31. Kh2 Qf4+ 32. Kg1 Rxh3 33. Re1 Qf3 0-1

[Event "*** Titled Tuesday Blitz"]
[Site "Chess.com"]
[Date "2021.02.09"]
[Round "10"]
[White "PavelChernomordik"]
[Black "volunteers1998"]
[Result "1-0"]
[WhiteElo "2380"]
[BlackElo "2081"]
[TimeControl "180+1"]
[EndTime "11:55:18 PST"]
[Termination "PavelChernomordik won on time"]

1. e4 c5 2. Nc3 Nc6 3. Bb5 d6 4. f4 Bd7 5. Nf3 a6 6. Bxc6 Bxc6 7. O-O e6 8. d3 Be7 9. Qe1 Nf6 10. e5 Nd5 11. Ne4 O-O 12. a3 b5 13. Qg3 a5 14.
Bd2 b4 15. f5 exf5 16. Nxd6 Bxd6 17. exd6 Qf6 18. Rab1 f4 19. Qf2 Qxd6 20. Ng5 Rfe8 21. Ne4 Qf8 22. Rfe1 Ne3 23. Bxe3 fxe3 24. Rxe3 Bxe4 25.
dxe4 Rad8 26. Rbe1 Qe7 27. e5 Rd5 28. axb4 axb4 29. h3 Red8 30. e6 Rd2 31. R1e2 Rxe2 32. Rxe2 fxe6 33. Qe3 Rd1+ 34. Kh2 Qd6+ 35. Qe5 Qxe5+ 36.
Rxe5 Rd2 37. Rxc5 Kf7 38. Kg3 e5 39. Kf3 Ke6 40. Rc7 g6 41. b3 h5 42. g3 Rh2 43. h4 Kd6 44. Rc4 Kd5 45. Rxb4 Rxc2 46.
Rb6 Rb2 47. Rxg6 Rxb3+ 48. Ke2 1-0

[Event "*** Titled Tuesday Blitz"]
[Site "Chess.com"]
[Date "2021.02.09"]
[Round "10"]
[White "vinniethepooh"]
[Black "Spartakus1975"]
[Result "1-0"]
[WhiteElo "2748"]
[BlackElo "2570"]
[TimeControl "180+1"]
[EndTime "11:55:19 PST"]
[Termination "vinniethepooh won on time"]

1. d4 d5 2. c4 c6 3. Nc3 Nf6 4. cxd5 cxd5 5. f3 Nc6 6. e4 dxe4 7. d5 Ne5 8. fxe4 e6 9. Nf3 Bd6 10. Bb5+ Bd7 11. dxe6 Bxb5 12. Nxb5 Qa5+ 13. Nc3 O-O-O 14.
Bd2 Nd3+ 15. Kf1 Nxb2 16. Qb3 Qa6+ 17. Nb5 Na4 18. Rc1+ Kb8 19. e7 Bxe7 20. Bf4+ Bd6 21.
e5 Nh5 22. Be3 Be7 23. Bxa7+ Ka8 24. Rc4 Nb6 25. Nc7+ Kxa7 26. Nxa6 Nxc4 27. Qxc4 Rd1+ 28.
Ne1 Rhd8 29. Nc7 R8d2 30. Nb5+ Kb6 31. Nc3 Rc1 32. Na4+ Ka7 33. Qxc1 Rd4 34. Qe3 1-0

[Event "*** Titled Tuesday Blitz"]
[Site "Chess.com"]
[Date "2021.02.09"]
[Round "10"]
[White "IljaJoke"]
[Black "KubaGepard"]
[Result "0-1"]
[WhiteElo "2505"]
[BlackElo "2386"]
[TimeControl "180+1"]
[EndTime "11:55:19 PST"]
[Termination "KubaGepard won by resignation"]

1. e4 c5 2. Nf3 d6 3. d4 cxd4 4. Nxd4 Nf6 5. Nc3 a6 6. Be3 e5 7. Nb3 Be6 8. f3 h5 9. Qd2 Nbd7 10. Nd5 Bxd5 11. exd5 b5 12. O-O-O Nb6 13. Kb1 Qc7 14.
Qa5 Nfd7 15. c4 bxc4 16. Rc1 Qb7 17. Bxc4 Nxc4 18. Rxc4 Be7 19. Rhc1 Bd8 20. Qa3 Qxd5 21. Nd2 O-O 22. Ne4 Be7 23. Rc7 Rfd8 24. Qa4 Qd3+ 25. Qc2 Qxe3 26. Qc6 Rab8 27. Rxd7 Qd3+ 28. Ka1 Rxd7 29. Qxd7 Qb5 30. Rc8+ Rxc8 31. Qxc8+ Bf8 32. Qc1 d5 33. Nc3 Qc4 34. Qd1 d4 35. Ne4 d3 36.
b3 Qd4+ 37. Kb1 Ba3 38. Qd2 Qg1+ 0-1

[Event "*** Titled Tuesday Blitz"]
[Site "Chess.com"]
[Date "2021.02.09"]
[Round "10"]
[White "NikolasTheiss"]
[Black "MF1966Idrisov"]
[Result "1-0"]
[WhiteElo "2330"]
[BlackElo "2377"]
[TimeControl "180+1"]
[EndTime "11:55:19 PST"]
[Termination "NikolasTheiss won by checkmate"]

1. h4 e5 2. h5 d5 3. h6 Nxh6 4.
d4 e4 5. Bxh6 gxh6 6. e3 Bf5 7.
c4 c6 8. Qb3 Qb6 9. Nc3 Qxb3 10.
axb3 Be6 11. Nge2 Bb4 12. Nf4 Nd7 13. Rxh6 Ke7 14. Kd1 Bxc3 15. bxc3 a6 16. c5 Rag8 17. g3 Nf6 18. Be2 Bg4 19. Kd2 Bxe2 20. Kxe2 Ng4 21.
Rh4 f5 22. Rah1 h6 23. Rh5 Kf6 24. c4 Rd8 25. Ra1 Rd7 26. Ra4 Rb8 27. Rb4 a5 28. Rb6 dxc4 29. bxc4 Ra8 30. d5 Rc7 31. dxc6 Rxc6 32. Rxb7 Rxc5 33. Rb6+ Kf7 34. Nd5 Rxc4 35. Rxf5+ Kg7 36. Ne7 Ra7 37. Rg6+ Kh7 38. Rf7+ Kh8 39. Rg8# 1-0

[Event "*** Titled Tuesday Blitz"]
[Site "Chess.com"]
[Date "2021.02.09"]
[Round "10"]
[White "wonderfultime"]
[Black "LiamVrolijk"]
[Result "0-1"]
[WhiteElo "2931"]
[BlackElo "2901"]
[TimeControl "180+1"]
[EndTime "11:55:20 PST"]
[Termination "LiamVrolijk won by resignation"]

1. d4 Nf6 2. Nf3 d5 3. Bf4 c5 4. c3 Nc6 5. e3 Nh5 6. Be5 f6 7. Bg3 e6 8. Nbd2 Be7 9. Bd3 g6 10.
O-O O-O 11. Qe2 Bd7 12. dxc5 Nxg3 13. hxg3 Bxc5 14. e4 Qb6 15. Nb3 Bd6 16. exd5 exd5 17. Qd2 Bxg3 18. Rae1 Rae8 19. Nbd4 Bb8 20. Qh6 Ne5 21.
Bc2 Qd6 22. Bb3 Ng4 23. Qh4 Kg7 24. Rd1 h5 25. Rfe1 g5 26. Qxh5 Rxe1+ 27. Rxe1 Rh8 28.
Qe8 Rxe8 29. Rxe8 Bxe8 30. Nf5+ Kf8 31. Nxd6 Bxd6 32. Bxd5 b6 33. Nd4 Bd7 34. b4 Be5 35. Ne2 Ke7 36. f3 Ne3 37. Bb3 Be6 38. Kf2 Bxb3 39. Kxe3 Bxa2 40. Kd3 b5 41. Kd2 Bc4 42.
Ng1 Ke6 43. Nh3 Bf1 0-1

[Event "*** Titled Tuesday Blitz"]
[Site "Chess.com"]
[Date "2021.02.09"]
[Round "10"]
[White "Gabrielian_Artur"]
[Black "BogdanDeac"]
[Result "0-1"]
[WhiteElo "2819"]
[BlackElo "2990"]
[TimeControl "180+1"]
[EndTime "11:55:20 PST"]
[Termination "BogdanDeac won by resignation"]

1. c4 e6 2. Nf3 Nf6 3. b3 d5 4. Bb2 c5 5. e3 Nc6 6. cxd5 exd5 7. Bb5 Bd6 8. Nc3 O-O 9. Ne2 Bg4 10. Ng3 Ne5 11. Be2 Bxf3 12. gxf3 d4 13. f4 Nc6 14.
Rg1 Re8 15. Nf5 g6 16. Bc4 Bf8 17. Qf3 Na5 18. Be2 Qd7 19. Ng3 Rad8 20. Rd1 Nc6 21. h4 Bg7 22. a3 Nd5 23. Bc1 Na5 24. e4 d3 25. Bxd3 Nxf4 26. Bc2 Ne6 27. Kf1 Nd4 28. Qd3 Qh3+ 29. Rg2 Nac6 30. Bb1 Ne5 31. Qe3 Nef3 32. d3 Nxh4 0-1

[Event "*** Titled Tuesday Blitz"]
[Site "Chess.com"]
[Date "2021.02.09"]
[Round "10"]
[White "Maksimus1998"]
[Black "imdvb6307"]
[Result "1/2-1/2"]
[WhiteElo "2491"]
[BlackElo "2378"]
[TimeControl "180+1"]
[EndTime "11:55:20 PST"]
[Termination "Game drawn by repetition"]

1. Nf3 d5 2. g3 Nf6 3. Bg2 Bg4 4.
O-O Nbd7 5. c4 c6 6. b3 e6 7. Bb2 Bd6 8. d3 Qe7 9. cxd5 cxd5 10. e4 Ne5 11. exd5 Nxd5 12. Nbd2 O-O 13. Nc4 Nxf3+ 14. Bxf3 Bxf3 15. Qxf3 b5 16. Nxd6 Qxd6 17. Qg4 f6 18.
Rfe1 e5 19. Rac1 Nb4 20. Ba3 a5 21. Red1 Rfd8 22. Qe4 Ra7 23. h4 Qd4 24. Bxb4 Qxe4 25. dxe4 Rxd1+ 26. Rxd1 axb4 27. Rd5 Rb7 28. g4 h6 29. h5 Kf7 30. Kf1 Ke6 31. Ke2 Ke7 32. f3 Rb6 33. Ke3 Rb7 34. f4 Ke6 35. f5+ Ke7 36. Ke2 Rb6 37. Rc5 Kd7 38. Rd5+ Ke7 39. Kf3 Rb7 40. Kg3 Rb6 41. Kf2 Rb7 42. Ke3 Rb6 43. Rd2 Rc6 44. Rd5 Rb6 45. Ke2 Rb7 46. Ke3 Rb6 1/2-1/2

[Event "*** Titled Tuesday Blitz"]
[Site "Chess.com"]
[Date "2021.02.09"]
[Round "10"]
[White "guillembaches"]
[Black "anantone"]
[Result "0-1"]
[WhiteElo "2430"]
[BlackElo "2567"]
[TimeControl "180+1"]
[EndTime "11:55:21 PST"]
[Termination "anantone won on time"]

1. e4 c5 2. Nf3 e6 3. c4 Nc6 4. Nc3 d6 5. Be2 Nd4 6. Nxd4 cxd4 7. Nb5 Qb6 8. d3 Bd7 9. Na3 Ne7 10. O-O Nc6 11. f4 Be7 12. f5 O-O 13. f6 Bxf6 14. Rxf6 gxf6 15. Bh6 Kh8 16. Nb5 Ne5 17. Qf1 f5 18.
Qf4 Rg8 19. exf5 exf5 20. Bg5 Rg6 21. Bh5 Nxd3 22. Qh4 d5 23. Bxg6 Qxg6 24. Nxd4 dxc4 25. Rf1 Re8 26. h3 Re4 27. Rf4 Nxf4 28. Bxf4 f6 29. Nf3 Bc6 30. Kh2 Re2 31. Bg3 Bxf3 32. Qxc4 Rxg2+ 33. Kh1 Rxg3+ 0-1

[Event "*** Titled Tuesday Blitz"]
[Site "Chess.com"]
[Date "2021.02.09"]
[Round "10"]
[White "vova-79"]
[Black "Trovita84"]
[Result "1-0"]
[WhiteElo "2501"]
[BlackElo "1968"]
[TimeControl "180+1"]
[EndTime "11:55:22 PST"]
[Termination "vova-79 won on time"]

1. d4 d5 2. c4 c6 3. Nc3 Nf6 4. cxd5 cxd5 5. f3 e6 6. e4 Bb4 7. e5 Ng8 8. Be3 Ne7 9. Rc1 a6 10. a3 Bxc3+ 11. Rxc3 Nbc6 12. Qd2 Bd7 13. Bf2 Qb6 14.
Ne2 Rc8 15. Ng3 O-O 16. Bd3 f5 17. exf6 Rxf6 18. O-O Qc7 19. Re1 Qd6 20. Bb1 e5 21. dxe5 Nxe5 22. Rxc8+ Bxc8 23. Ba2 Be6 24. Nh5 Rxf3 25.
Bd4 N7g6 26. Nxg7 Kxg7 27. gxf3 Kf7 28. Qe3 Nc6 29. Bc5 Qd7 30. Qh6 Kg8 31. Bb1 Bf5 32. Ba2 Bh3 33. Qg5 Qf5 34. Qxf5 Bxf5 35. Bxd5+ Kg7 36.
Bxc6 1-0

[Event "*** Titled Tuesday Blitz"]
[Site "Chess.com"]
[Date "2021.02.09"]
[Round "10"]
[White "Rsnr"]
[Black "Sam_ChessMood"]
[Result "0-1"]
[WhiteElo "2779"]
[BlackElo "2869"]
[TimeControl "180+1"]
[EndTime "11:55:24 PST"]
[Termination "Sam_ChessMood won by resignation"]

1. Nf3 d5 2. e3 Nf6 3. c4 c6 4. d4 Bf5 5. Nc3 e6 6. Nh4 Be4 7. f3 Bg6 8. Qb3 Qc7 9. Bd2 Nbd7 10. Nxg6 hxg6 11. O-O-O a5 12. cxd5 Nxd5 13. Kb1 Nxc3+ 14.
Qxc3 Bb4 15. Qc2 Bxd2 16. Qxd2 Nf6 17. e4 Rd8 18. Bc4 Rxh2 19. e5 Rxh1 20. Rxh1 Nd7 21.
Rh8+ Nf8 22. Qf4 Qd7 23. Kc2 Qxd4 24. Qxd4 Rxd4 25. Kc3 Rd1 26. a4 Rg1 27. Rh2 Ke7 28. f4 Nd7 29. b3 g5 30. fxg5 Nxe5 31. Be2 c5 32. Kd2 Ra1 33. Ke3 Ra3 34. Ke4 Rxb3 35. Bd1 Rb4+ 36. Ke3 Rd4 37. Bc2 Ng4+ 0-1

[Event "*** Titled Tuesday Blitz"]
[Site "Chess.com"]
[Date "2021.02.09"]
[Round "10"]
[White "SARGISMV"]
[Black "Anna_ChessMate"]
[Result "0-1"]
[WhiteElo "2444"]
[BlackElo "2574"]
[TimeControl "180+1"]
[EndTime "11:55:25 PST"]
[Termination "Anna_ChessMate won by resignation"]

1. d4 Nf6 2. c4 g6 3. Nc3 d5 4. cxd5 Nxd5 5. e4 Nxc3 6. bxc3 Bg7 7. Be3 c5 8. Rc1 Qa5 9. Qd2 O-O 10. d5 e6 11. c4 Qxd2+ 12. Kxd2 exd5 13. exd5 b6 14. Ne2 Nd7 15. Nc3 Ne5 16. h3 Ba6 17. Nd1 Rad8 18. f4 Nc6 19. a4 Rfe8 20. Bd3 Na5 21. Ke2 Nb3 22. Rb1 Na5 23. Rc1 Bd4 24. Kf2 Nb3 25. Rc2 Rxd5 26. cxd5 Bxd3 27. Ra2 Bc4 28.
d6 Rd8 29. Bxd4 Nxd4 30. Rd2 Rxd6 31. Ne3 Bb3 32. a5 b5 33. g4 Rf6 34. Kg3 Re6 35.
Rc1 Rxe3+ 36. Kf2 Rf3+ 37. Kg2 Bd5 38. Rxc5 Rd3+ 39. Rxd5 Rxd2+ 40. Kg3 Ne2+ 0-1

[Event "*** Titled Tuesday Blitz"]
[Site "Chess.com"]
[Date "2021.02.09"]
[Round "10"]
[White "Zmeeed63"]
[Black "youngKID"]
[Result "0-1"]
[WhiteElo "2475"]
[BlackElo "2853"]
[TimeControl "180+1"]
[EndTime "11:55:34 PST"]
[Termination "youngKID won on time"]

1. d4 Nf6 2. c4 Nc6 3. Nc3 e5 4. d5 Ne7 5. Bg5 Ng6 6. e3 Be7 7. Bd3 d6 8. Nge2 O-O 9. O-O Nh5 10. Bxe7 Nxe7 11. f4 exf4 12. Nxf4 Nf6 13. Nh5 Ng4 14. Qd2 Ne5 15. b3 Bg4 16. Nf4 Qd7 17. h3 Bf5 18.
Bxf5 Nxf5 19. Nh5 Kh8 20. e4 Ne7 21. Rf2 Ng8 22. Raf1 Rae8 23. Qg5 Ng6 24. Ng3 Qe7 25. Qe3 a6 26. b4 Ne5 27. Nf5 Qd7 28. c5 Ne7 29.
Nd4 a5 30. Ne6 Rg8 31. Nxc7 Qxc7 32. Nb5 Qd7 33. Nxd6 Ref8 34. bxa5 N7g6 0-1

[Event "*** Titled Tuesday Blitz"]
[Site "Chess.com"]
[Date "2021.02.09"]
[Round "10"]
[White "Kostukov_Alex"]
[Black "vovachesss"]
[Result "0-1"]
[WhiteElo "2369"]
[BlackElo "2704"]
[TimeControl "180+1"]
[EndTime "11:55:37 PST"]
[Termination "vovachesss won on time"]

1. g3 h5 2. Nf3 a5 3. Bg2 Ra6 4. O-O h4 5. Nxh4 Rah6 6. Nf3 g5 7. d4 f6 8. h4 d6 9. hxg5 Rh5 10. e4 Bh3 11.
Bxh3 Rxh3 12. Kg2 Qd7 13. Nh4 Nc6 14. c3 d5 15. Qe2 R3xh4 16. gxh4 Rxh4 17. Rh1 Rg4+ 18.
Kf1 dxe4 19. Nd2 Qf5 20. Ke1 fxg5 21. Nf1 Nf6 22. Ne3 Qe6 23. Nxg4 Nxg4 24. Bxg5 Qf5 25. Rh4 Nge5 26. dxe5 Nxe5 27. Qh5+ Kd7 28. Rf4 Nd3+ 29. Kf1 Nxf4 30. Rd1+ Ke6 31. Qh4 Nd3 32. Rd2 Bg7 33. Re2 Kd5 34. Be3 Be5 35. Qxe7 Qf3 36. Qd7+ Bd6 37. Qb5+ Ke6 38. Qe8+ Kd5 39. Qb5+ c5 40. Qxb7+ Ke5 0-1

[Event "*** Titled Tuesday Blitz"]
[Site "Chess.com"]
[Date "2021.02.09"]
[Round "10"]
[White "Mihnea2017"]
[Black "OriTaichman"]
[Result "0-1"]
[WhiteElo "2413"]
[BlackElo "2543"]
[TimeControl "180+1"]
[EndTime "11:55:38 PST"]
[Termination "OriTaichman won by resignation"]

1. e4 b6 2. d4 Bb7 3. Bd3 Nf6 4. Qe2 e6 5. Nd2 d5 6. e5 Nfd7 7. f4 a5 8. Ngf3 Ba6 9. Bxa6 Nxa6 10. c3 g6 11. Nf1 c5 12. Ne3 c4 13. O-O b5 14. g4 Qb6 15. Kg2 Be7 16. Bd2 Rg8 17.
b3 Qc6 18. Kf2 Nb6 19. a4 bxa4 20. bxc4 Nxc4 21. Nxc4 dxc4 22. Ng5 Bxg5 23. fxg5 Nc7 24. Kg3 Nd5 25. Qf3 Rf8 26. Bc1 Ra7 27. Ba3 Rg8 28.
Bc5 Rb7 29. Rfb1 Rb3 30. Rxb3 axb3 31. Rxa5 Nb4 32. Qxc6+ Nxc6 33. Rb5 Kd7 34. Kf3 Rb8 35.
Rxb8 Nxb8 36. Ba3 Kc6 37. Ke4 Nd7 38. Bb2 Nb6 39. h4 Na4 40. Bc1 b2 41. Bxb2 Nxb2 42. h5 Na4 43. h6 Nxc3+ 44. Ke3 Nd5+ 0-1

[Event "*** Titled Tuesday Blitz"]
[Site "Chess.com"]
[Date "2021.02.09"]
[Round "10"]
[White "K_A_S_T_O_R"]
[Black "GelmanAlexander"]
[Result "1-0"]
[WhiteElo "2795"]
[BlackElo "2609"]
[TimeControl "180+1"]
[EndTime "11:55:39 PST"]
[Termination "K_A_S_T_O_R won on time"]

1. e4 c5 2. Nf3 e6 3. d4 cxd4 4. Nxd4 a6 5. Bd3 d6 6. O-O Nf6 7. c4 g6 8. Nc3 Bg7 9. Be2 O-O 10. Nf3 b6 11. Bf4 e5 12. Bg5 Bb7 13. Qd3 h6 14. Be3 Nbd7 15. Rfd1 Nc5 16. Bxc5 dxc5 17. Qc2 Qe7 18. a4 Rad8 19. Nd5 Nxd5 20. cxd5 f5 21. Qb3 Rd6 22. Nd2 Kh8 23. f3 Rdf6 24. Rf1 h5 25. Nc4 fxe4 26. fxe4 Bh6 27. Rxf6 Rxf6 28. Rf1 Rxf1+ 29.
Bxf1 Bc8 30. Qxb6 Kh7 31. d6 Qf7 32. Qc7 Bd7 33. Qxc5 Bxa4 34. Nxe5 Qf4 35. Nc4 Bb5 36.
Qd4 Bxc4 37. Bxc4 Bg7 38. Qd3 Be5 39. d7 Qxh2+ 40. Kf1 Qf4+ 41. Ke2 Qg4+ 42. Ke1 1-0